[Event "Team 45 45 League T54"]
[Site "Internet Chess Club"]
[Date "2012.08.30"]
[Round "3"]
[White "mongmong"]
[Black "Portola"]
[Result "1-0"]
[WhiteElo "1679"]
[BlackElo "1639"]
[Opening "Queen's pawn game"]
[ECO "D05"]
[Time "18:01:02"]
[TimeControl "2700+45"]

1. d4 d5 2. Nf3 e6 3. e3 Nf6 4. Bd3 Be7 5. Nbd2 O-O 6. O-O Nbd7 7. Qe2 c5 8. c3
b6 9. e4 dxe4 10. Nxe4 Bb7 11. dxc5 Nxc5 12. Nxc5 Bxc5 13. Bg5 Be7 14. Rfd1 Qc7
15. Bxf6 Bxf6 16. Be4 Bxe4 17. Qxe4 Rad8 18. Qe2 Rxd1+ 19. Rxd1 Rd8 20. h3 h6
21. Rxd8+ Qxd8 22. c4 Qc7 23. b3 Qd6 24. Qd2 Qxd2 25. Nxd2 Kf8 26. Kf1 Be7 27.
Ke2 Ke8 28. Kd3 Kd7 29. f3 Kc6 30. Nb1 a5 31. Nc3 Kd6 32. g3 Kc6 33. Ne4 f5 34.
Nc3 Bd6 35. g4 g5 36. Ne2 fxg4 37. Nd4+ Kd7 38. fxg4 Ke7 39. Ke4 Kf6 40. Nc6 Bc5
41. Ne5 Ke7 42. Ng6+ Kf6 43. Ne5 Ke7 44. Nc6+ Kd6 45. Nd4 Ke7 46. Nb5 Kf6 47.
Nc3 Be7 48. Na4 Bd8 49. c5 bxc5 50. Nxc5 Bc7 51. Nd7+ Ke7 52. Ne5 Kf6 53. Nd3
Bd6 54. Nb2 Bb4 55. Nc4 Be1 56. a3 Bc3 57. Kd3 Be1 58. Nd2 Ke7 59. b4 axb4 60.
axb4 Kd7 61. Ke2 Bg3 62. Ne4 Be5 63. Kd3 Kc6 64. Kc4 Bg7 65. b5+ Kb6 66. Nc5 e5
67. Ne4 Bh8 68. Nc3 Bg7 69. Nd5+ Kb7 70. Ne7 Kb6 71. Nc8+ Kc7 72. Ne7 Kb6 73.
Nd5+ Kb7 74. Kd3 Bf8 75. Ke4 Bd6 76. Kf5 Kc8 77. Ne3 Bc5 78. Nc4 Bf8 79. Nxe5
Kc7 80. Nc4 Be7 81. Ke6 Bc5 82. Ne5 Bf8 83. Nd7 Bg7 84. Kf7 Bd4 85. Nf6 Kb6 86.
Ng8 Kxb5 87. Kg6 Be3 88. Nxh6 Kc6 89. Nf7 Kd7 90. Nxg5 Bf2 91. Kf7 Bh4 92. Nf3
Bf2 93. h4 Kd6 94. h5 {Black resigns} 1-0

[Event "Team 45 45 League T54"]
[Site "Internet Chess Club"]
[Date "2012.09.01"]
[Round "3"]
[White "g8wrb"]
[Black "Manch"]
[Result "0-1"]
[WhiteElo "1438"]
[BlackElo "1647"]
[Opening "Sicilian: Alapin's variation (2.c3)"]
[ECO "B22"]
[Time "08:06:36"]
[TimeControl "2700+45"]

1. e4 c5 2. c3 e6 3. d4 cxd4 4. cxd4 a6 5. Nf3 d5 6. e5 Nc6 7. Nc3 f6 8. Bd3
fxe5 9. dxe5 Bc5 10. Bg5 Nge7 11. O-O O-O 12. Qc2 g6 13. a3 Nd4 14. Nxd4 Bxd4
15. Rfe1 Qc7 16. Bf6 Nf5 17. Rac1 Qf7 18. Re2 Ng7 19. Qa4 Ba7 20. Rf1 Nh5 21.
Bh4 Nf4 22. Rd2 Nxd3 23. Rxd3 Qf5 24. Qc2 Qxe5 25. Bg3 Qf5 26. Qe2 Qf7 27. Bd6
Re8 28. Rf3 Qd7 29. Qe5 Qg7 30. Rf6 Rd8 31. Bc7 Bb8 32. Bxb8 Rxb8 33. Re1 Ra8
34. Rd1 Rf8 35. Rxf8+ Qxf8 36. Ne2 Qg7 37. f4 Qxe5 38. fxe5 Bd7 39. Nd4 Rc8 40.
h3 Kf7 41. Kf2 Ke7 42. Ke3 Bb5 43. Nxb5 axb5 44. Rd4 Rc4 45. b3 Rc3+ 46. Rd3 Rc2
47. Rd2 Rc1 48. Kd4 b6 49. Re2 Ra1 50. Rc2 Rxa3 51. Rc7+ Kf8 52. Kc3 Ra2 53. Kb4
Rxg2 54. Rxh7 Re2 55. Kxb5 Rxe5 56. Kxb6 d4 57. Rd7 Rd5 58. Rc7 d3 59. Rc1 d2
60. Rd1 e5 61. Kc6 Rd8 62. Kc5 e4 63. Kc4 e3 64. Kc3 e2 {White resigns} 0-1

[Event "Team 45 45 League T54"]
[Site "Internet Chess Club"]
[Date "2012.09.02"]
[Round "3"]
[White "dscvdchk"]
[Black "AtomicDog"]
[Result "1-0"]
[WhiteElo "1523"]
[BlackElo "1396"]
[Opening "Queen's Indian: 4.g3 Bb7"]
[ECO "E15"]
[Time "10:05:17"]
[TimeControl "2700+45"]

1. Nf3 Nf6 2. c4 e6 3. d4 b6 4. g3 Bb7 5. Bg2 d5 6. O-O Be7 7. Ne5 O-O 8. Qa4
Nbd7 9. Nc6 Qe8 10. Nxe7+ Qxe7 11. Nc3 a6 12. Bg5 h6 13. Bf4 c5 14. dxc5 bxc5
15. cxd5 exd5 16. Rfe1 Nb6 17. Qc2 d4 18. Na4 Nbd5 19. Qxc5 Qxc5 20. Nxc5 Nxf4
21. Bxb7 Nh3+ 22. Kg2 {Black resigns} 1-0

[Event "Team 45 45 League T54"]
[Site "Internet Chess Club"]
[Date "2012.09.09"]
[Round "3"]
[White "Timotheous"]
[Black "ausya"]
[Result "1-0"]
[WhiteElo "1809"]
[BlackElo "1589"]
[Opening "English: Caro-Kann defensive system"]
[ECO "A12"]
[Time "10:31:18"]
[TimeControl "2700+45"]

1. Nf3 d5 2. c4 c6 3. b3 Nd7 4. Bb2 Qc7 5. Qc2 Ngf6 6. cxd5 Nxd5 7. a3 e5 8. g3
Bd6 9. Bg2 O-O 10. O-O f5 11. d3 f4 12. Nbd2 fxg3 13. hxg3 N7f6 14. Nc4 Ng4 15.
Nxd6 Qxd6 16. Qd2 Ndf6 17. Qc2 Nd5 18. Qd2 Ndf6 19. Nh2 Nxh2 20. Kxh2 Ng4+ 21.
Kg1 e4 22. Bxe4 h5 23. Qg5 Qh6 24. Qxh6 Nxh6 25. Kg2 Bg4 26. f3 Bf5 27. Rh1 Bxe4
28. dxe4 Rad8 29. Bc3 g6 30. g4 Kf7 31. gxh5 g5 32. Rad1 Rg8 33. Bd2 Rd6 34. Be3
Rxd1 35. Rxd1 Ke6 36. Kh3 a6 37. Rg1 Kf6 38. Bd4+ Ke6 39. Rg3 Kf7 40. Kg2 Ke6
41. Kf2 Nf7 42. Ke3 Rd8 43. h6 Nxh6 44. Rxg5 Kf7 45. Rg7+ Kf8 46. Rxb7 Nf7 47.
Ra7 {Black resigns} 1-0

[Event "Team 45 45 League T54"]
[Site "Internet Chess Club"]
[Date "2012.08.31"]
[Round "3"]
[White "wildcat2023"]
[Black "supermessi"]
[Result "1-0"]
[WhiteElo "1538"]
[BlackElo "1604"]
[Opening "Sicilian: Richter-Rauzer, Rauzer attack, 7...Be7"]
[ECO "B63"]
[Time "19:00:58"]
[TimeControl "2700+45"]

1. e4 c5 2. Nf3 d6 3. d4 cxd4 4. Nxd4 Nf6 5. Nc3 Nc6 6. Bg5 e6 7. Qd2 Be7 8.
O-O-O a6 9. f4 Qc7 10. Bxf6 gxf6 11. g4 Rg8 12. h3 Nxd4 13. Qxd4 Bd7 14. Na4 Rc8
15. Rh2 e5 16. Qb4 a5 17. Qb3 Bd8 18. Rhd2 Be7 19. Nb6 Rb8 20. Nxd7 Kxd7 21.
Bb5+ Kd8 22. Qxf7 Rh8 23. g5 Kc8 24. Rd3 Rf8 25. Qxh7 Kd8 26. gxf6 Rxf6 27. fxe5
Rf2 28. R3d2 Qc5 29. exd6 Qg5 30. dxe7+ Kc7 31. e8=Q+ {Black resigns} 1-0

[Event "Team 45 45 League T54"]
[Site "Internet Chess Club"]
[Date "2012.09.03"]
[Round "3"]
[White "JohLeb"]
[Black "scotty30"]
[Result "1-0"]
[WhiteElo "1394"]
[BlackElo "1463"]
[Opening "QGD Slav defense"]
[ECO "D10"]
[Time "21:00:15"]
[TimeControl "2700+45"]

1. d4 d5 2. c4 c6 3. Nc3 Bf5 4. Nf3 e6 5. a3 Nf6 6. Bg5 h6 7. Bh4 Be7 8. e3 Qc7
9. Bg3 Bd6 10. Ne5 Nbd7 11. f4 O-O 12. c5 Bxe5 13. fxe5 Ng4 14. Qd2 h5 15. Be2
b6 16. b4 a5 17. O-O axb4 18. axb4 bxc5 19. bxc5 Rfb8 20. Bxg4 Bxg4 21. e4 dxe4
22. Nxe4 Rd8 23. Nd6 f6 24. h3 Rxa1 25. Rxa1 Bf5 26. exf6 Nxf6 27. Nxf5 Qd7 28.
Nd6 Rb8 29. Rf1 Rb3 30. Qg5 Qd8 31. Be5 Kh8 32. Bxf6 gxf6 33. Qxh5+ Kg7 34. Qf7+
Kh8 35. Qxf6+ Qxf6 36. Rxf6 Rd3 37. Rxe6 Rxd4 38. Nf5 Rd5 39. Ne7 Rxc5 40. Rxc6
{Black resigns} 1-0

[Event "Team 45 45 League T54"]
[Site "Internet Chess Club"]
[Date "2012.09.01"]
[Round "3"]
[White "LittleWarrior"]
[Black "Greedy-Reedy"]
[Result "1/2-1/2"]
[WhiteElo "1997"]
[BlackElo "1989"]
[Opening "King's Indian: 5.Nf3"]
[ECO "E90"]
[Time "11:00:36"]
[TimeControl "2700+45"]

1. Nf3 Nf6 2. c4 g6 3. Nc3 Bg7 4. e4 d6 5. d4 b6 6. Be2 Bb7 7. Qc2 O-O 8. O-O
Nbd7 9. h3 e6 10. Bg5 h6 11. Bh4 Qb8 12. Rfd1 c5 13. Bg3 cxd4 14. Nxd4 Nc5 15.
Bf3 e5 16. Ndb5 Rd8 17. Nd5 Nxd5 18. cxd5 a6 19. Nc3 Rc8 20. b4 Na4 21. Rd3 Nxc3
22. Rxc3 Rxc3 23. Qxc3 Qd8 24. Rc1 Rc8 25. Qe3 Rxc1+ 26. Qxc1 Qc8 27. Qxc8+ Bxc8
28. a4 {Game drawn by mutual agreement} 1/2-1/2

[Event "Team 45 45 League T54"]
[Site "Internet Chess Club"]
[Date "2012.09.02"]
[Round "3"]
[White "achessman"]
[Black "Fezzik"]
[Result "0-1"]
[WhiteElo "1932"]
[BlackElo "2171"]
[Opening "Caro-Kann: Panov-Botvinnik, Gunderam attack"]
[ECO "B13"]
[Time "00:09:28"]
[TimeControl "2700+45"]

1. e4 c6 2. d4 d5 3. exd5 cxd5 4. c4 Nf6 5. c5 g6 6. Nc3 Bg7 7. Bb5+ Nc6 8. Nge2
O-O 9. O-O a6 10. Bxc6 bxc6 11. Na4 Nd7 12. f4 Rb8 13. Be3 Nf6 14. Nec3 Bf5 15.
Nb6 Ng4 16. Bc1 Rxb6 17. cxb6 Qxb6 18. Ne2 c5 19. h3 cxd4 20. hxg4 d3+ 21. Kh2
dxe2 22. Qxe2 Be4 23. Be3 Qxb2 24. Qxb2 Bxb2 25. Rad1 Rc8 26. Rf2 Ba3 27. Bd4 f6
28. Rdd2 Rc4 29. Rf1 Bb4 30. Rdd1 Bc2 31. Rc1 Ba3 32. Rxc2 Rxc2 33. Rf2 Rxf2 34.
Bxf2 e5 35. g3 Kf7 36. Kg2 Ke6 37. Kf3 e4+ 38. Ke2 Bb2 39. Kd2 d4 40. Kc2 Bc3
41. Bg1 Kd5 42. a3 Be1 {White resigns} 0-1

[Event "Team 45 45 League T54"]
[Site "Internet Chess Club"]
[Date "2012.09.02"]
[Round "3"]
[White "beitmery"]
[Black "misuc56"]
[Result "1/2-1/2"]
[WhiteElo "1692"]
[BlackElo "1866"]
[Opening "QGD: 3.Nc3"]
[ECO "D31"]
[Time "16:31:36"]
[TimeControl "2700+45"]

1. d4 d5 2. c4 e6 3. Nc3 f5 4. Nf3 Nf6 5. Bg5 c6 6. e3 Bd6 7. Be2 O-O 8. O-O h6
9. Bf4 a6 10. Bxd6 Qxd6 11. Rc1 Nbd7 12. cxd5 exd5 13. Qc2 Ne4 14. Nd2 Qe7 15.
Rce1 Ndf6 16. Bd3 g6 17. f3 Nxc3 18. bxc3 Bd7 19. e4 dxe4 20. fxe4 fxe4 21. Nxe4
Nxe4 22. Bxe4 Rxf1+ 23. Rxf1 g5 24. Re1 Qf6 25. Qb3+ Kh8 26. Qxb7 Rf8 27. Qb2 c5
28. Bd3 cxd4 29. Rf1 Qe7 30. Rxf8+ Qxf8 31. cxd4 Qf6 32. Qb8+ Kg7 33. Qe5 Qxe5
34. dxe5 Kf7 35. Bc4+ Be6 36. Bxa6 Bxa2 37. Kf2 Ke6 38. Kg3 Kxe5 39. Kg4 Bf7 40.
Bc8 Kf6 41. Kg3 h5 42. h4 Bd5 43. hxg5+ Kxg5 44. Bh3 h4+ 45. Kf2 Kf4 46. Bc8 Bf7
47. Bh3 Bh5 48. Bc8 {Game drawn by mutual agreement} 1/2-1/2

[Event "Team 45 45 League T54"]
[Site "Internet Chess Club"]
[Date "2012.09.02"]
[Round "3"]
[White "perikitosax"]
[Black "TerryMalloy"]
[Result "1/2-1/2"]
[WhiteElo "1943"]
[BlackElo "2057"]
[Opening "Benkö gambit accepted"]
[ECO "A58"]
[Time "09:04:31"]
[TimeControl "2700+45"]

1. d4 Nf6 2. c4 c5 3. d5 b5 4. cxb5 a6 5. bxa6 g6 6. Nc3 Bxa6 7. g3 d6 8. Bg2
Nbd7 9. Nf3 Bg7 10. Rb1 Nb6 11. b3 Bc8 12. Nd2 Bf5 13. e4 Bc8 14. Qc2 Ba6 15.
Bf1 Qc8 16. h3 O-O 17. Bxa6 Qxa6 18. a4 Rfb8 19. Nb5 Qc8 20. Nc4 Ne8 21. Bd2 Nc7
22. Nxc7 Nxc4 23. Qxc4 Qxc7 24. O-O Rb7 25. Kg2 h6 26. f4 Qd7 27. Rfe1 Bd4 28.
g4 Rab8 29. e5 dxe5 30. fxe5 Rd8 31. e6 Qxd5+ 32. Qxd5 Rxd5 33. exf7+ Kxf7 34.
Rf1+ Kg7 35. Rf3 {Game drawn by mutual agreement} 1/2-1/2

[Event "Team 45 45 League T54"]
[Site "Internet Chess Club"]
[Date "2012.08.31"]
[Round "3"]
[White "sonoftill"]
[Black "LucaTrapani"]
[Result "1-0"]
[WhiteElo "1934"]
[BlackElo "1780"]
[Opening "Queen's pawn"]
[ECO "A40"]
[Time "08:13:23"]
[TimeControl "2700+45"]

1. d4 e6 2. Bf4 f5 3. e3 Nf6 4. Nf3 d6 5. h3 Nc6 6. c4 Qe7 7. Nc3 e5 8. Bg5 h6
9. Nh4 Qf7 10. Bxf6 gxf6 11. d5 Ne7 12. c5 Ng6 13. Nxg6 Qxg6 14. Qa4+ Bd7 15.
Qb3 b6 16. c6 Bc8 17. Nb5 Rh7 18. O-O-O h5 19. Rg1 Bh6 20. Bd3 a6 21. Nc3 Qf7
22. g3 a5 23. Qc2 e4 24. Be2 Ba6 25. Bxa6 Rxa6 26. g4 Qg6 27. gxf5 Qxf5 28. Nxe4
Kf7 29. Nxd6+ {Black resigns} 1-0

[Event "Team 45 45 League T54"]
[Site "Internet Chess Club"]
[Date "2012.08.31"]
[Round "3"]
[White "KW-Winner"]
[Black "bgolev"]
[Result "0-1"]
[WhiteElo "1922"]
[BlackElo "1836"]
[Opening "Queen's pawn: London system"]
[ECO "A45"]
[Time "22:10:21"]
[TimeControl "2700+45"]

1. d4 Nf6 2. Bf4 e6 3. c4 c5 4. e3 Qb6 5. Qb3 cxd4 6. Qxb6 axb6 7. exd4 Nc6 8.
Nf3 Nb4 9. Kd1 Nxa2 10. Ke1 Bb4+ 11. Bd2 Ra5 12. Na3 Bxd2+ 13. Kxd2 Nb4 14. Bd3
Nxd3 15. Kxd3 d6 16. Nb5 Ke7 17. b4 Rxa1 18. Rxa1 Bd7 19. Nc3 Rc8 20. Ra7 Bc6
21. b5 Bxf3 22. gxf3 Rc7 23. Na4 Nd7 24. Nb2 h5 25. f4 g6 26. h4 Nf6 27. Na4 Nd7
28. Nb2 Kd8 29. Nd1 Nf6 30. Ra8+ Rc8 31. Rxc8+ Kxc8 32. Nc3 d5 33. cxd5 Nxd5 34.
Nxd5 exd5 35. f5 Kd7 36. Ke3 Ke7 37. Kf4 Kf6 38. fxg6 fxg6 39. Kg3 Kf5 40. f3 g5
41. Kh3 gxh4 42. Kxh4 Kf4 {White resigns} 0-1

[Event "Team 45 45 League T54"]
[Site "Internet Chess Club"]
[Date "2012.09.03"]
[Round "3"]
[White "jjmolina"]
[Black "lasker25"]
[Result "1/2-1/2"]
[WhiteElo "1838"]
[BlackElo "1921"]
[Opening "Two knights defense (Modern bishop's opening)"]
[ECO "C55"]
[Time "12:05:52"]
[TimeControl "2700+45"]

1. e4 e5 2. Nf3 Nc6 3. Bc4 Nf6 4. d3 Be7 5. O-O O-O 6. h3 d6 7. a4 Be6 8. Nbd2
d5 9. exd5 Nxd5 10. Re1 f6 11. d4 Bd6 12. Ne4 Bf7 13. dxe5 Bxe5 14. c3 Nb6 15.
Bxf7+ Rxf7 16. Qxd8+ Rxd8 17. Nc5 Rb8 18. Nxe5 Nxe5 19. Bf4 Nbd7 20. Nxd7 Rxd7
21. Bxe5 fxe5 22. Rxe5 Rd2 23. b4 Rc2 24. Rc5 Rf8 25. f3 Re8 26. Kh2 Re7 {Game
drawn by mutual agreement} 1/2-1/2

[Event "Team 45 45 League T54"]
[Site "Internet Chess Club"]
[Date "2012.09.01"]
[Round "3"]
[White "Nickovic"]
[Black "rayonline53"]
[Result "0-1"]
[WhiteElo "1473"]
[BlackElo "1597"]
[Opening "Scandinavian defense"]
[ECO "B01"]
[Time "16:00:45"]
[TimeControl "2700+45"]

1. e4 d5 2. exd5 Nf6 3. Nf3 Nxd5 4. d4 e6 5. Bd3 Be7 6. O-O O-O 7. c4 Nf6 8. Nc3
Nbd7 9. Be3 c5 10. Rc1 cxd4 11. Nxd4 Ne5 12. Be2 Bd7 13. a3 Bc6 14. Nxc6 Nxc6
15. b4 a6 16. Qb3 Nd4 17. Bxd4 Qxd4 18. Rfd1 Qe5 19. Bf3 Rab8 20. a4 Rfd8 21.
Rxd8+ Bxd8 22. c5 Bc7 23. b5 {White resigns} 0-1

[Event "Team 45 45 League T54"]
[Site "Internet Chess Club"]
[Date "2012.09.01"]
[Round "3"]
[White "nursey"]
[Black "amicusUK"]
[Result "1-0"]
[WhiteElo "1661"]
[BlackElo "1624"]
[Opening "King's pawn opening"]
[ECO "B07"]
[Time "14:07:07"]
[TimeControl "2700+45"]

1. e4 d6 2. d4 e5 3. dxe5 dxe5 4. Qxd8+ Kxd8 5. Bc4 Be6 6. Bxe6 fxe6 7. Nf3 Bd6
8. Bg5+ Nf6 9. O-O h6 10. Bh4 Na6 11. Rd1 Ke7 12. Nc3 c6 13. Bg3 Nc5 14. Nxe5
Bxe5 15. Bxe5 Ncxe4 16. Nxe4 Nxe4 17. Bxg7 Rh7 18. Bd4 c5 19. Be5 Rf8 20. f3 Ng5
21. Bd6+ Kf7 22. h4 Nxf3+ 23. gxf3 Rg8+ 24. Kf2 Rhg7 25. Bxc5 Rg2+ 26. Ke3 Rxc2
27. Rd7+ Ke8 28. Re7+ Kd8 29. Ba3 Rgg2 30. Rxb7 Rge2+ 31. Kd4 e5+ 32. Kd5 e4 33.
fxe4 Red2+ 34. Ke6 Kc8 35. Rxa7 Rc6+ 36. Ke5 Rb6 37. Rc1+ Kb8 38. Rcc7 Rb5+ 39.
Kf4 Rd1 40. Re7 Rf1+ 41. Ke3 Re1+ 42. Kd4 Rd1+ 43. Kc4 Rb6 44. Kc5 Rg6 45. Rab7+
Kc8 46. b4 Rdd6 47. b5 Rd3 48. Rbc7+ Kb8 49. b6 Rc3+ 50. Kb5 Rxc7 51. bxc7+ Kc8
52. e5 Rg1 53. Kc6 {Black resigns} 1-0

[Event "Team 45 45 League T54"]
[Site "Internet Chess Club"]
[Date "2012.08.31"]
[Round "3"]
[White "seikster"]
[Black "SaltofLife"]
[Result "1-0"]
[WhiteElo "1866"]
[BlackElo "1947"]
[Opening "French: Paulsen variation"]
[ECO "C10"]
[Time "15:37:37"]
[TimeControl "2700+45"]

1. e4 e6 2. d4 d5 3. Nc3 Be7 4. e5 b6 5. Qg4 Bf8 6. h4 Ba6 7. Bxa6 Nxa6 8. Bd2
Qd7 9. Qe2 Nb4 10. O-O-O h5 11. a3 Nc6 12. Qa6 Nxd4 13. Nf3 Nxf3 14. gxf3 Ne7
15. Nb5 Nf5 16. Qb7 Qc8 17. Qc6+ Kd8 18. c4 Bc5 19. cxd5 Ne7 20. Bg5 f6 21.
dxe6+ Bd6 22. exf6 Nxc6 23. fxg7+ Ke8 24. gxh8=Q+ Bf8 25. Qxh5# {Black
checkmated} 1-0

[Event "Team 45 45 League T54"]
[Site "Internet Chess Club"]
[Date "2012.09.03"]
[Round "3"]
[White "LukeOZade"]
[Black "creditordebit"]
[Result "0-1"]
[WhiteElo "1652"]
[BlackElo "1887"]
[Opening "Sicilian: dragon, Yugoslav attack, 10.O-O-O"]
[ECO "B78"]
[Time "11:27:51"]
[TimeControl "2700+45"]

1. e4 c5 2. Nf3 d6 3. d4 cxd4 4. Nxd4 Nf6 5. Nc3 g6 6. Be3 Bg7 7. f3 Nc6 8. Qd2
O-O 9. O-O-O Bd7 10. Bc4 Rc8 11. Bb3 Ne5 12. h4 h5 13. g4 hxg4 14. h5 Nxh5 15.
Bh6 e6 16. Rdg1 Qf6 17. Bxg7 Qxg7 18. fxg4 Nf6 19. Rh4 g5 20. Rh3 Rc5 21. Rhg3
Rfc8 22. Kb1 b5 23. Nf3 Rxc3 24. bxc3 Nxe4 25. Qe3 Nxc3+ 26. Kc1 Nc4 27. Qd3
Ne2+ 28. Kd1 {White resigns} 0-1

[Event "Team 45 45 League T54"]
[Site "Internet Chess Club"]
[Date "2012.08.30"]
[Round "3"]
[White "wildkingdumb2"]
[Black "ddlj81"]
[Result "0-1"]
[WhiteElo "1762"]
[BlackElo "1810"]
[Opening "Ruy Lopez: open (Tarrasch) defense"]
[ECO "C80"]
[Time "17:00:04"]
[TimeControl "2700+45"]

1. e4 e5 2. Nf3 Nc6 3. Bb5 a6 4. Ba4 Nf6 5. O-O Nxe4 6. Re1 Nc5 7. Bxc6 dxc6 8.
Nxe5 Be7 9. d4 Ne6 10. Be3 O-O 11. Nc3 Bd6 12. a3 c5 13. Nf3 cxd4 14. Nxd4 Nxd4
15. Qxd4 Re8 16. Rad1 Be6 17. Bf4 Bg4 18. Rxe8+ Qxe8 19. f3 Rd8 20. h3 Bf5 21.
Bxd6 Rxd6 22. Qf2 Rxd1+ 23. Nxd1 h6 24. Qe3 Qxe3+ 25. Nxe3 Be6 26. Kf2 f5 27. f4
g5 28. Kf3 Kf7 29. g4 fxg4+ 30. hxg4 gxf4 31. Kxf4 Kf6 32. Nd1 b5 33. Nf2 Bd5
34. Nd3 a5 35. Ne5 Be6 36. Nc6 a4 37. Nd4 Bd7 38. Nf3 c5 39. g5+ hxg5+ 40. Nxg5
Bc6 41. Ne4+ Bxe4 42. Kxe4 Ke6 43. Kd3 Kd5 44. Kc3 c4 45. Kb4 Kc6 46. c3 Kb6
{White resigns} 0-1

[Event "Team 45 45 League T54"]
[Site "Internet Chess Club"]
[Date "2012.08.31"]
[Round "3"]
[White "parrot9"]
[Black "prapad"]
[Result "1-0"]
[WhiteElo "1618"]
[BlackElo "1561"]
[Opening "French: Tarrasch, closed variation"]
[ECO "C05"]
[Time "14:39:27"]
[TimeControl "2700+45"]

1. e4 e6 2. d4 d5 3. Nd2 Nf6 4. e5 Nfd7 5. Bd3 c5 6. c3 Nc6 7. Ndf3 Qb6 8. Ne2
cxd4 9. cxd4 Bb4+ 10. Bd2 O-O 11. O-O Re8 12. a3 Bxd2 13. Qxd2 Ne7 14. Ng3 Nf8
15. h4 Nf5 16. Nxf5 exf5 17. Rac1 f6 18. exf6 Qxf6 19. Rc7 Ne6 20. Rc2 Nxd4 21.
Nxd4 Qxd4 22. Rc7 Qxh4 23. Bb5 Qd8 24. Rfc1 Re7 25. Qg5 Kf8 26. Rxc8 Rxc8 27.
Qxf5+ Rf7 28. Rxc8 Rxf5 29. Rxd8+ Ke7 30. Rd7+ Kf6 31. Rxb7 d4 32. Ba4 d3 33.
Rxa7 Rd5 34. Rd7 Ra5 35. Bb3 Rb5 36. Rxd3 h5 37. Kf1 g5 38. Ke2 Re5+ 39. Re3 Rb5
40. Kd2 g4 41. g3 Kf5 42. Bc2+ Kf6 43. b4 Rd5+ 44. Ke2 {Black resigns} 1-0

[Event "Team 45 45 League T54"]
[Site "Internet Chess Club"]
[Date "2012.09.05"]
[Round "3"]
[White "palm47"]
[Black "kingsleywang"]
[Result "1-0"]
[WhiteElo "1443"]
[BlackElo "1471"]
[Opening "Scandinavian (center counter) defense"]
[ECO "B01"]
[Time "21:01:10"]
[TimeControl "2700+45"]

1. e4 d5 2. exd5 Qxd5 3. Nc3 Qa5 4. d4 c6 5. Nf3 Nf6 6. Bc4 Bf5 7. O-O e6 8. Bd2
Qd8 9. Bb3 Bd6 10. Re1 O-O 11. h3 Qc7 12. Ne5 Nbd7 13. Bf4 Rad8 14. Qe2 h6 15.
Rad1 Nb6 16. g4 Bh7 17. g5 hxg5 18. Bxg5 Be7 19. Nxf7 Kxf7 20. Bxe6+ Ke8 21.
Bxf6 Rxf6 22. Qh5+ Bg6 23. Qh8+ Rf8 24. Qxg7 Bxc2 25. Qh6 Rf6 26. Qh8+ Rf8 27.
Qh5+ {Black resigns} 1-0

[Event "Team 45 45 League T54"]
[Site "Internet Chess Club"]
[Date "2012.09.08"]
[Round "3"]
[White "XGG123"]
[Black "KidRattler"]
[Result "1-0"]
[WhiteElo "1374"]
[BlackElo "1452"]
[Opening "Caro-Kann: classical variation"]
[ECO "B18"]
[Time "17:03:50"]
[TimeControl "2700+45"]

1. e4 c6 2. d4 d5 3. Nd2 dxe4 4. Nxe4 Bf5 5. Bd3 Qxd4 6. Qf3 Bxe4 7. Bxe4 Nf6 8.
Bd3 Qd5 9. Qg3 e5 10. Nh3 e4 11. Be2 g6 12. Bf4 Na6 13. O-O O-O-O 14. Rfd1 Qa5
15. Bg5 Rxd1+ 16. Rxd1 Nd5 17. Bg4+ f5 18. Qe5 Bg7 19. Qxg7 Rd8 20. Bxd8 Kxd8
21. c4 Kc8 22. cxd5 cxd5 23. Qf8+ Kc7 24. Qe7+ Kc8 25. Rc1+ Nc5 26. Rxc5+ Qxc5
27. Qxc5+ Kd7 28. Qxd5+ Ke7 29. Bxf5 gxf5 30. Qxf5 Kd6 31. Qxe4 a6 32. Qxh7 Kc5
33. f4 b5 34. f5 b4 35. f6 b3 36. axb3 a5 37. f7 Kd5 38. f8=Q a4 39. Qd7+ Ke4
40. Qfe8# {Black checkmated} 1-0

[Event "Team 45 45 League T54"]
[Site "Internet Chess Club"]
[Date "2012.09.03"]
[Round "3"]
[White "monkhammer"]
[Black "hi12980"]
[Result "1/2-1/2"]
[WhiteElo "1411"]
[BlackElo "1594"]
[Opening "Sicilian: Canal-Sokolsky attack, 3...Bd7"]
[ECO "B52"]
[Time "20:00:11"]
[TimeControl "2700+45"]

1. e4 c5 2. Nf3 d6 3. Bb5+ Bd7 4. Bxd7+ Qxd7 5. O-O e5 6. c3 Nc6 7. d4 cxd4 8.
cxd4 exd4 9. Nxd4 Nf6 10. Nc3 Be7 11. Bf4 O-O 12. Nf5 Rfd8 13. Re1 Bf8 14. Qb3
Rab8 15. Rad1 Na5 16. Qb5 Qxb5 17. Nxb5 Ne8 18. Nbxd6 Nxd6 19. Nxd6 Bxd6 20.
Rxd6 Rxd6 21. Bxd6 Rc8 22. Kf1 Rc2 23. Rd1 h6 24. Rb1 Nc4 25. Bf4 Nxb2 26. Rc1
Rxc1+ 27. Bxc1 Nd3 28. Be3 a6 29. Ke2 Ne5 30. Bc5 f6 31. f4 Nc6 32. Kd3 b5 33.
Kc3 Kf7 34. Kb3 g5 35. g3 Ke6 36. a4 f5 37. e5 Kd5 38. Bf8 Nd4+ 39. Kb4 Nc6+ 40.
Kc3 bxa4 41. Bxh6 gxf4 42. gxf4 Nd4 43. Kb4 Nc6+ 44. Kxa4 Nxe5 45. fxe5 Kxe5 46.
h4 f4 47. h5 f3 48. Be3 Kf5 49. h6 Kg6 50. Ka5 f2 51. Bxf2 Kxh6 52. Kxa6 {Game
drawn because neither player has mating material} 1/2-1/2

[Event "Team 45 45 League T54"]
[Site "Internet Chess Club"]
[Date "2012.09.03"]
[Round "3"]
[White "browndeer"]
[Black "kingsrook"]
[Result "1-0"]
[WhiteElo "1442"]
[BlackElo "1295"]
[Opening "Sicilian: Anderssen variation"]
[ECO "B41"]
[Time "18:06:50"]
[TimeControl "2700+45"]

1. e4 c5 2. Nf3 e6 3. d4 cxd4 4. Nxd4 Nf6 5. Nc3 Nc6 6. Be2 Bb4 7. f3 O-O 8. Bd2
Nxd4 9. Bd3 Qc7 10. O-O a6 11. a3 Bd6 12. f4 e5 13. f5 b5 14. Nd5 Nxd5 15. exd5
Nxf5 16. Bxf5 Qc5+ 17. Kh1 Qxd5 18. Qe2 Qd4 19. Be4 Rb8 20. Bh6 Re8 21. Qf3 f6
22. Bd5+ Kh8 23. Bxg7+ Kxg7 24. Qxf6# {Black checkmated} 1-0

[Event "Team 45 45 League T54"]
[Site "Internet Chess Club"]
[Date "2012.08.31"]
[Round "3"]
[White "drsigmund1"]
[Black "rahulr"]
[Result "1-0"]
[WhiteElo "1549"]
[BlackElo "1561"]
[Opening "Queen's pawn: London system"]
[ECO "A45"]
[Time "19:00:11"]
[TimeControl "2700+45"]

1. d4 Nf6 2. Bf4 e6 3. e3 b6 4. Nf3 Bb7 5. Bd3 Be7 6. Nbd2 O-O 7. Qe2 c5 8. c3
Nc6 9. h3 cxd4 10. exd4 d6 11. O-O Re8 12. Ne4 Qc7 13. Rad1 Nd5 14. Bh2 f5 15.
Neg5 e5 16. Bxf5 Bxg5 17. Nxg5 exd4 18. Qc4 Na5 19. Qxd4 Qe7 20. Be6+ Kh8 21.
Nf7+ Kg8 22. Bxd5 Bxd5 23. Nxd6 Bb7 24. Nxe8 Rxe8 25. b4 Ba6 26. bxa5 Bxf1 27.
Rxf1 bxa5 28. Qd5+ Kh8 29. Qxa5 Qf6 30. c4 h6 31. Qxa7 {Black resigns} 1-0

[Event "Team 45 45 League T54"]
[Site "Internet Chess Club"]
[Date "2012.09.03"]
[Round "3"]
[White "Conjurer"]
[Black "nosir"]
[Result "0-1"]
[WhiteElo "1535"]
[BlackElo "1516"]
[Opening "Queen's bishop game"]
[ECO "A45"]
[Time "18:02:40"]
[TimeControl "2700+45"]

1. d4 Nf6 2. Bf4 d5 3. Nf3 e6 4. e3 Bd6 5. Bg3 O-O 6. c3 b6 7. Nbd2 Ba6 8. Ne5
Bxf1 9. Nxf1 c5 10. Nd2 Qc7 11. Qc2 Nbd7 12. Ndf3 c4 13. O-O-O b5 14. b4 cxb3
15. axb3 a5 16. Kd2 Ne4+ 17. Kd3 a4 18. Nd2 axb3 19. Qxb3 Ra3 20. Qxb5 Nxe5+ 21.
dxe5 Qxc3+ 22. Ke2 Nxg3+ 23. hxg3 Qxe5 24. Qb1 h6 25. Nf3 Qc3 26. Ng5 Qc4+ 27.
Kf3 f5 28. Rd4 Qxd4 29. Nxe6 Qg4# {White checkmated} 0-1

[Event "Team 45 45 League T54"]
[Site "Internet Chess Club"]
[Date "2012.09.03"]
[Round "3"]
[White "dscvdchk"]
[Black "Check101"]
[Result "0-1"]
[WhiteElo "1507"]
[BlackElo "1542"]
[Opening "King's Indian: orthodox, Aronin-Taimanov, bayonet attack"]
[ECO "E97"]
[Time "10:32:29"]
[TimeControl "2700+45"]

1. Nf3 Nf6 2. c4 g6 3. Nc3 Bg7 4. d4 O-O 5. e4 d6 6. Be2 e5 7. O-O Nc6 8. d5 Ne7
9. b4 Nd7 10. a4 a5 11. Ba3 axb4 12. Bxb4 f5 13. Ng5 Nf6 14. Bd3 h6 15. Nf3 fxe4
16. Nxe4 Nxe4 17. Bxe4 c6 18. Nd2 cxd5 19. cxd5 Bf5 20. Qe2 Rc8 21. Nc4 Bxe4 22.
Qxe4 Rf4 23. Qxf4 exf4 24. Rac1 Nxd5 25. Bxd6 Rxc4 {White resigns} 0-1